 Dungeon Crawl Stone Soup version 0.22-a0-388-g09e6169d0a (webtiles) character file.

303 RaHiT the Digger (level 6, -1/49 HPs)
             Began as a Deep Dwarf Earth Elementalist on Apr 29, 2018.
             Slain by Sassnadas's ghost (7 damage)
             ... on level 3 of the Dungeon.
             The game lasted 00:23:50 (3264 turns).

RaHiT the Digger (Deep Dwarf Earth Elementalist)    Turns: 3264, Time: 00:23:51

Health: -1/49      AC:  5    Str: 12    XL:     6   Next: 15%
Magic:  11/13      EV: 12    Int: 17    God:
Gold:   162        SH:  0    Dex: 13    Spells: 9/15 levels left

rFire    . . .     SeeInvis .   l - +4 dagger
rCold    . . .     Gourm    .   (no shield)
rNeg     . . .     Faith    .   c - +0 robe
rPois    .         Spirit   .   e - +0 helmet
rElec    .         Reflect  .   n - +0 cloak
rCorr    .         Harm     .   (no gloves)
MR       .....                  j - +0 pair of boots
Stlth    ++........             (no amulet)
HPRegen  0.00/turn              (no ring)
MPRegen  0.13/turn              (no ring)

@: non-regenerating
A: damage resistance, heal wounds, sense surroundings 1, no regeneration
a: Heal Wounds


You were on level 3 of the Dungeon.
You were not hungry.

You visited 1 branch of the dungeon, and saw 3 of its levels.

You collected 162 gold pieces.

Inventory:

Hand Weapons
 l - a +4 dagger (weapon)
Missiles
 b - 89 stones (quivered)
Armour
 c - a +0 robe (worn)
 e - a +0 helmet (worn)
 j - a +0 pair of boots (worn)
 n - a +0 cloak (worn)
Wands
 p - a wand of digging (7)
Scrolls
 a - a scroll of enchant armour
 f - a scroll of fog
 i - a scroll of remove curse
 m - a scroll of immolation
 o - 2 scrolls of enchant weapon {unknown}
 r - a scroll of blinking {unknown}
Potions
 g - a potion of curing
 h - a potion of agility
 q - a potion of cancellation
 s - a potion of heal wounds {unknown}
Comestibles
 d - 6 rations


   Skills:
 - Level 2.1 Dodging
 - Level 2.4 Stealth
 - Level 5.0 Spellcasting
 - Level 0.8 Transmutations
 + Level 5.3 Earth Magic


You had 9 spell levels left.
You knew the following spells:

 Your Spells              Type           Power        Failure   Level  Hunger
a - Sandblast             Erth           ###...       1%          1    None
b - Passwall              Tmut/Erth      ##........   6%          2    #......
c - Stone Arrow           Conj/Erth      ##....       14%         3    ###....


Dungeon Overview and Level Annotations

Branches:
Dungeon (3/15)

Altars:
Dithmenos
Kikubaaqudgha
Okawaru
Vehumet

Annotations:
D:3 Sassnadas's ghost, amateur FoFi


Innate Abilities, Weirdness & Mutations

You are resistant to damage.
You can heal yourself by infusing magical energy.
You passively map a small area around you.
You do not regenerate.


Message History

A rat comes into view.
Found a pair of boots.
The helpless rat fails to defend itself.
You puncture the rat!
You kill the rat!
There is a stone staircase leading up here.
Casting: Sandblast (safe; 1% risk of failure)
Confirm with . or Enter, or press ? or * to list all spells.
Which direction?
This rock feels extremely deep.
Sassnadas's ghost turns its malevolent gaze towards you.
Sassnadas's ghost hits you!
* * * LOW HITPOINT WARNING * * *
There is a stone staircase leading up here.
Sassnadas's ghost says, "You can hit me, but you can't hurt me."
Casting: Passwall (safe; 6% risk of failure)
Confirm with . or Enter, or press ? or * to list all spells.
Which direction?
Sassnadas's ghost hits you!
You die...

########.##### #.#
#.<...........
รท............# #.#
##.###########
########.###.# #.# #.#
#.# .# #.# #.#
######.###.# #.# #.#
#..........###.# #.#
#.##.#.#....##.# #.#
#.##.........#.####.##
#.##.#.#.....#@W.....#
#.##......##.######..#
###.##.#.##.##.# #..#
.##.##.#.##.##.# #..#
....##.#.##.##.# #..#
###.##.#.##.##.# #..#
#.##.#.##.##.######..#
###.##.#.#...#.......).#
....##.#.#.............#


You could see Sassnadas's ghost.

Vanquished Creatures
  A centaur (D:2)
  Crazy Yiuf (D:2)
  A worker ant (D:3)
  Robin (D:2)
  3 gnolls (D:2)
  3 adders
  An adder zombie (D:3)
  An adder skeleton (D:3)
  2 worms
  5 dart slugs
  3 leopard geckos
  A ball python (D:1)
  7 bats
  2 giant cockroaches (D:1)
  22 goblins
  6 hobgoblins
  4 jackals (D:3)
  A quokka (D:2)
  3 frilled lizards
  6 kobolds
  6 rats
80 creatures vanquished.

Notes
Turn   | Place    | Note
-------+----------+-------------------------------------------
     0 | D:1      | RaHiT the Deep Dwarf Earth Elementalist began the quest for the Orb.
     0 | D:1      | Reached XP level 1. HP: 15/15 MP: 3/3
   239 | D:1      | Reached XP level 2. HP: 17/22 MP: 3/5
   494 | D:1      | Reached XP level 3. HP: 21/28 MP: 4/7
   539 | D:1      | Learned a level 2 spell: Passwall
  1021 | D:2      | Learned a level 3 spell: Stone Arrow
  1030 | D:2      | Found a faded altar of an unknown god.
  1321 | D:2      | Reached XP level 4. HP: 20/36 MP: 2/9
  1430 | D:2      | Found a radiant altar of Vehumet.
  1430 | D:2      | Found an iron altar of Okawaru.
  1430 | D:2      | Found a shadowy altar of Dithmenos.
  1546 | D:2      | Found an ancient bone altar of Kikubaaqudgha.
  2008 | D:2      | Noticed a centaur
  2019 | D:2      | Killed a centaur
  2019 | D:2      | Reached XP level 5. HP: 23/42 MP: 1/12
  2023 | D:2      | Noticed Robin
  2106 | D:2      | Killed Robin
  2106 | D:2      | Reached skill level 5 in Spellcasting
  2330 | D:2      | Found a runed door.
  2334 | D:2      | Noticed Crazy Yiuf
  2336 | D:2      | Killed Crazy Yiuf
  2760 | D:3      | Reached XP level 6. HP: 16/49 MP: 8/13
  2788 | D:3      | Reached skill level 5 in Earth Magic
  2950 | D:3      | Noticed Sassnadas's ghost (amateur FoFi)
  3264 | D:3      | Slain by Sassnadas's ghost

Vault maps used:
D:1:      dpeg_arrival_chase, minivault_24
D:2:      kiku_gazebo_garden_becter, gammafunk_temple_overflow_claw,
          chequers_ecumenical_altar_simple_redux, uniq_crazy_yiuf_cottage,
          uniq_robin
D:3:      kennysheep_generic_room_14

Skill      XL: |  1  2  3  4  5  6 |
---------------+-------------------+-----
Spellcasting   | 2 3 4 5 |  5.0
Earth Magic    | 5 |  5.3
Dodging        | |  2.1
Stealth        | |  2.4
Transmutations | |  0.8

Action                   |  1- 3 |  4- 6 || total
-------------------------+-------+-------++-------
Melee: Dagger            |    40 |    57 ||    97
 Cast: Sandblast         |    36 |    43 ||    79
       Stone Arrow       |     2 |    12 ||    14
       Passwall          |     2 |     3 ||     5
  Use: Scroll            |     3 |     5 ||     8
       Potion            |       |     3 ||     3
 Stab: Sleeping          |     1 |     3 ||     4
  Eat: Chunk             |     2 |     7 ||     9
Armor: Robe              |     3 |    16 ||    19
       Leather armour    |     5 |    30 ||    35
Dodge: Dodged            |    38 |    58 ||    96

Table legend:
 A = Spawn XP
 B = Non-spawn XP
 C = Spawn XP percentage of total XP
 D = Spawn monster count
 E = Non-spawn monster count
 F = Spawn count percentage of total count
 G = Total turns spent on level
                    A         B        C        D         E        F      G
               +---------+---------+-------+---------+---------+-------+---------
         Total |       0 |     433 |   0.0 |       0 |      80 |   0.0 |  3264
               +---------+---------+-------+---------+---------+-------+---------
           D:1 |       0 |      50 |   0.0 |       0 |      25 |   0.0 |   962
           D:2 |       0 |     295 |   0.0 |       0 |      36 |   0.0 |  1506
           D:3 |       0 |      88 |   0.0 |       0 |      19 |   0.0 |   796
               +---------+---------+-------+---------+---------+-------+---------
